 Dungeon Crawl Stone Soup version 0.14-a0-226-gcf818b1 (webtiles) character file.

380 GayManTrain the Ducker (level 5, -5/81 HPs)
             Began as a Troll Berserker on Oct 12, 2013.
             Was a Priest of Trog.
             Slain by an ogre
             ... wielding a +0,+0 giant club
              (12 damage)
             ... on Level 4 of the Dungeon.
             The game lasted 00:09:02 (2389 turns).

GayManTrain the Ducker (Troll Berserker)            Turns: 2389, Time: 00:09:02

HP  -5/81        AC  5     Str 30      XL: 5   Next: 49%
MP   1/1         EV 11     Int  3      God: Trog [***...]
Gold 180         SH  0     Dex 10      Spells:  0 memorised,  4 levels left

Res.Fire  : . . .   See Invis. : .     - Unarmed
Res.Cold  : . . .   Warding    : .   b - +0 animal skin
Life Prot.: . . .   Conserve   : .   (shield restricted)
Res.Poison: .       Res.Corr.  : .   (helmet restricted)
Res.Elec. : .       Clarity    : .   (no cloak)
Sust.Abil.: . .     Spirit.Shd : .   (gloves unavailable)
Res.Mut.  : .       Stasis     : .   (boots unavailable)
Res.Rott. : .       Flight     : .   f - amulet of inaccuracy {unknown}
Gourmand  : +                        (no ring)
                                     (no ring)

@: berserking, very quick, slightly resistant to hostile enchantments, extremely
unstealthy
A: unfitting armour, claws 3, fast metabolism 3, gourmand, regeneration 2,
saprovore 2, tough skin 2, AC +1
a: Burn Spellbooks, Berserk, Trog's Hand, Renounce Religion


You were on level 4 of the Dungeon.
You worshipped Trog.
Trog was most pleased with you.
You were full.

You visited 1 branch of the dungeon, and saw 4 of its levels.

You collected 160 gold pieces.

Inventory:

Armour
 b - a +0 animal skin (worn)
Comestibles
 a - 3 meat rations
 o - a slice of pizza
 p - 3 bread rations
 t - a cheese
 B - an apple
Scrolls
 c - 2 scrolls of identify {unknown}
 d - 2 scrolls of fear {unknown}
 g - 3 scrolls of recharging {unknown}
 h - 2 scrolls of teleportation {unknown}
 l - 6 scrolls of remove curse {unknown}
 s - a scroll of random uselessness {unknown}
 u - 2 scrolls of enchant weapon II {unknown}
 v - a scroll of amnesia {unknown}
Jewellery
 f - an amulet of inaccuracy (around neck) {unknown}
 i - a +2 ring of evasion {unknown}
 n - an uncursed ring of sustain abilities {unknown}
 w - a cursed -3 ring of strength {unknown}
 x - an uncursed amulet of inaccuracy {unknown}
Potions
 e - a potion of speed {unknown}
 j - 3 potions of curing {unknown}
 k - 2 potions of confusion {unknown}
 m - a potion of slowing {unknown}
 q - a potion of heal wounds {unknown}
 r - a potion of restore abilities {unknown}
 z - a potion of degeneration {unknown}
 A - a potion of flight {unknown}


   Skills:
 + Level 3.4 Fighting
 + Level 4.2 Dodging
 + Level 0.2 Stealth
 + Level 3.8 Unarmed Combat


You had 4 spell levels left.
You didn't know any spells.

Dungeon Overview and Level Annotations

Branches:
Dungeon (4/27)
 Temple: D:4-7

Altars:


Innate Abilities, Weirdness & Mutations

You are too large for most types of armour.
You have claws for hands.
Your metabolism is lightning-fast.
You like to eat raw meat.
You heal very quickly.
You can eat rotten meat.
You are covered in fur (AC +1).
You have very tough skin (AC +2).


Message History

You feel sick.
You feel better.
You closely miss the ogre. The ogre hits you with a giant club!
You claw the ogre!
The ogre begins to bleed from its wounds!
The ogre is heavily wounded.
You barely miss the ogre.
The ogre is heavily wounded.
The ogre hits you with a giant club!
* * * LOW HITPOINT WARNING * * *
You are too injured to fight recklessly!
Use which ability? (? or * to list)
A red film seems to cover your vision as you go berserk!
You feel yourself moving faster!
You feel mighty! The ogre barely misses you.
You barely miss the ogre.
The ogre is heavily wounded.
You claw the ogre!
The ogre is severely wounded.
The ogre hits you with a giant club!
You die...

## ##### ######## #..
#...####......#
###...#...#.......#.##
.........@..#####....#
.........O..#...#..#.#####
##...###....+.8.'..#.#...#
#.. ..###.#...#....#.... .
... ..#####....#.... #...
............##... ##..
.###..##...###.. #.. .
#..##..)###.. ...
...........)...


You could see an ogre (bleeding).

Vanquished Creatures
  An orc wizard (D:4)
  A worker ant (D:4)
  8 adders
  A worm (D:3)
  2 giant geckos
  8 orcs (D:4)
  A ball python (D:2)
  3 bats
  7 goblins
  10 hobgoblins
  2 jackals (D:2)
  5 giant cockroaches
  A giant newt (D:1)
  7 kobolds
  A quokka (D:2)
  3 rats
  A rat skeleton (D:4)
  A bush (D:1)
  4 plants (D:1)
67 creatures vanquished.

Notes
Turn   | Place    | Note
--------------------------------------------------------------
     0 | D:1      | GayManTrain, the Troll Berserker, began the quest for the Orb.
     0 | D:1      | Reached XP level 1. HP: 23/23 MP: 0/0
   244 | D:1      | Reached XP level 2. HP: 26/31 MP: 0/0
   862 | D:1      | Acquired Trog's second power
   985 | D:2      | Reached XP level 3. HP: 32/39 MP: 1/1
  1439 | D:3      | Reached XP level 4. HP: 38/46 MP: 1/1
  2290 | D:4      | Reached skill level 4 in Dodging
  2290 | D:4      | Reached XP level 5. HP: 54/54 MP: 1/1
  2379 | D:4      | Noticed an ogre
  2389 | D:4      | Slain by an ogre

Action                   |  1- 3 |  4- 6 || total
-------------------------+-------+-------++-------
Melee: Unarmed           |   266 |   153 ||   419
Invok: Berserk           |       |     1 ||     1
